 Dungeon Crawl Stone Soup version 0.20.1-1-g8b1a95d (webtiles) character file.

76 letownia2 the Grave Robber (level 4, 0/36 HPs)
             Began as a Deep Dwarf Necromancer on Oct 28, 2017.
             Slain by a sky beast (1 damage)
             ... on level 6 of the Dungeon.
             The game lasted 00:03:31 (836 turns).

letownia2 the Grave Robber (Deep Dwarf Necromancer)  Turns: 836, Time: 00:03:32

Health: 0/36       AC:  3    Str: 11    XL:     4   Next: 12%
Magic:  2/7        EV: 12    Int: 17    God:
Gold:   102        SH:  0    Dex: 13    Spells: 4/8 levels left

rFire    . . .     SeeInvis .   (no weapon)
rCold    . . .     Gourm    .   (no shield)
rNeg     . . .     Faith    .   a - +0 robe
rPois    .         Spirit   .   k - +0 helmet
rElec    .         Reflect  .   (no cloak)
rCorr    .         Harm     .   (no gloves)
MR       .....                  (no boots)
Stlth    +.........             (no amulet)
Regen    0.0/turn               p - ring of loudness (curse)
MPRegen  0.1/turn               (no ring)

@: very slightly contaminated, non-regenerating
A: damage resistance, heal wounds, sense surroundings 1, no regeneration
a: Heal Wounds


You were on level 6 of the Dungeon.
You were not hungry.

You visited 1 branch of the dungeon, and saw 4 of its levels.

You collected 102 gold pieces.

Inventory:

Hand Weapons
 g - a +1 vampiric dagger
 h - a +0 hunting sling
 m - a +0 dagger
Missiles
 f - 27 sling bullets
 i - 13 poisoned needles
Armour
 a - a +0 robe (worn)
 k - a +0 helmet (worn)
 o - a +0 pair of gloves
Jewellery
 p - a cursed ring of loudness (left hand)
Scrolls
 n - a scroll of fog {unknown}
 r - a scroll of recharging {unknown}
 s - a scroll of magic mapping {unknown}
Potions
 j - a potion of lignification {unknown}
 q - a potion of haste {unknown}
Books
 b - a book of Necromancy

   Spells                             Type                      Level
   a - Pain                           Necromancy                   1
   b - Animate Skeleton               Necromancy                   1
   c - Vampiric Draining              Necromancy                   3
   d - Regeneration                   Charms/Necromancy            3
   e - Animate Dead                   Necromancy                   4
   f - Control Undead                 Necromancy                   4
Comestibles
 c - 2 bread rations
 d - a meat ration
 l - 2 chunks of flesh


   Skills:
 - Level 2.1 Dodging
 - Level 2.4 Stealth
 - Level 2.5 Spellcasting
 + Level 5.7 Necromancy


You had 4 spell levels left.
You knew the following spells:

 Your Spells              Type           Power        Failure   Level  Hunger
a - Pain                  Necr           ###.         1%          1    #......
v - Vampiric Draining     Necr           ###.......   5%          3    ###....


Dungeon Overview and Level Annotations

Branches:
Dungeon (3/15)

Altars:
Trog

Annotations:
D:3 letownia2's ghost, weakling DDNe


Innate Abilities, Weirdness & Mutations

You are resistant to damage.
You can heal yourself by infusing magical energy.
You passively map a small area around you.
You do not regenerate.


Message History

* * * LOW HITPOINT WARNING * * *
The sky beast shocks you.
* * * LOW HITPOINT WARNING * * *
A centaur comes into view.
The centaur shouts!
The centaur wields a shortbow.
The centaur shoots an arrow.
The arrow closely misses you.
You see here an arrow.
The centaur shoots an arrow.
The arrow barely misses you.
The centaur shoots an arrow.
The arrow hits you.
You see here an arrow.
The centaur unwields an uncursed shortbow.
The centaur hits you.
* * * LOW HITPOINT WARNING * * *
Okay, then.
Are you sure you want to abandon this character and quit the game? (Confirm with "yes".)
Okay, then.
Unknown command.
The centaur hits you. The sky beast hits you.
You die...

* , * , * ,, ,
*,* ### , ,
*,,,, * , ..*
** * ** #.* ,
, ,,,* , *
#.#######** ,
, #.....((# ,
*
#######Y###..#
#..@.....#* ,
#.#c.....#
#.######## # ,
, , *** *


You could see a sky beast and a centaur.

Vanquished Creatures
  An iguana (D:6)
  2 adders (D:2)
  An ooze (D:3)
  A dart slug (D:2)
  A leopard gecko (D:3)
  A giant cockroach (D:1)
  5 goblins
  2 hobgoblins
  2 kobolds (D:2)
  A ball python (D:2)
  3 bats
  3 frilled lizards
  3 rats
26 creatures vanquished.

Notes
Turn   | Place    | Note
-------+----------+-------------------------------------------
     0 | D:1      | letownia2 the Deep Dwarf Necromancer began the quest for the Orb.
     0 | D:1      | Reached XP level 1. HP: 15/15 MP: 3/3
   286 | D:2      | Reached XP level 2. HP: 22/22 MP: 3/5
   542 | D:2      | Reached skill level 5 in Necromancy
   542 | D:2      | Reached XP level 3. HP: 17/28 MP: 1/6
   622 | D:2      | Learned a level 3 spell: Vampiric Draining
   745 | D:3      | Noticed letownia2's ghost (weakling DDNe)
   818 | D:3      | Found a bloodstained altar of Trog.
   823 | D:3      | You fall through a shaft for 3 floors!
   823 | D:6      | Noticed a sky beast
   829 | D:6      | Reached XP level 4. HP: 11/36 MP: 1/7
   833 | D:6      | Noticed a centaur
   835 | D:6      | HP: 1/36 [centaur (2)]
   836 | D:6      | Slain by a sky beast

Skill      XL: |  1  2 |
---------------+-------+-----
Spellcasting   | 2 |  2.5
Necromancy     | 5 |  5.7
Dodging        | |  2.1
Stealth        | |  2.4

Action                   |  1- 3 |  4- 6 || total
-------------------------+-------+-------++-------
 Cast: Pain              |    47 |     1 ||    48
       Vampiric Draining |     5 |       ||     5
  Use: Potion            |     1 |       ||     1
  Eat: Chunk             |     1 |       ||     1
Armor: Robe              |     8 |       ||     8
Dodge: Dodged            |    23 |     3 ||    26
